 Dungeon Crawl Stone Soup version 0.31-a0-1178-gc5c9b8f871 (webtiles) character file.

Game seed: 793684474031441370

32 qw the Shooter (level 3, 0/31 HPs)
             Began as a Gargoyle Hunter on Dec 11, 2023.
             Slain by a gnoll
             ... wielding a +0 whip
              (4 damage)
             ... on level 2 of the Dungeon.
             The game lasted 00:00:19 (890 turns).

qw the Shooter (Gargoyle Hunter)                     Turns: 890, Time: 00:00:20

Health: 0/31       AC: 21    Str: 14    XL:     3   Next: 27%
Magic:  3/3        EV:  2    Int:  9    God:
Gold:   71         SH:  0    Dex: 15    Spells: 2/2 levels left

rFire   . . .        a - +0 shortbow
rCold   . . .        (shield currently unavailable)
rNeg    + . .        c - melded +0 leather armour
rPois   inf          (helmet currently unavailable)
rElec   .            (cloak currently unavailable)
rCorr   .            (gloves currently unavailable)
SInv    .            (boots currently unavailable)
Will    .....        (no amulet)
Stlth   ++           (no ring)
HPRegen 0.25/turn    (no ring)
MPRegen 0.08/turn

%: no passive effects
@: tree-form
A: stationary, stasis, torment immunity, boosted hp, sickness immunity, AC +3,
negative energy resistance 1, (electricity resistance), torment resistance 1,
petrification resistance
a: no special abilities


You were on level 2 of the Dungeon.
You were a tree.
You visited 1 branch of the dungeon, and saw 2 of its levels.

You collected 71 gold pieces.


Innate Abilities, Weirdness & Mutations

You are a tree.
Your roots penetrate the ground, keeping you stationary.
You cannot be teleported.
You are immune to unholy pain and torment.
Your maximum health is greatly increased.
Your equipment is partially melded.
You are immune to sickness and miasma.
((Your stone body is resilient. (AC +3)))
You are immune to poison.
You resist negative energy. (rN+)
((You are resistant to electric shocks. (rElec)))
You are resistant to unholy torment.
You are immune to petrification.


   Skills:
 + Level 2.1 Fighting
 - Level 5.0 Ranged Weapons
 - Level 1.5 Dodging
 - Level 1.1 Stealth


You had 2 spell levels left.
You didn't know any spells.
Your spell library was empty.

Inventory:

Hand Weapons
 a - a +0 shortbow (weapon)
Armour
 c - a +0 leather armour (melded)
Scrolls
 b - a scroll of teleportation {unknown}
Potions
 d - a potion of haste
 h - a potion of mutation
 j - a potion of attraction {unknown}

Dungeon Overview and Level Annotations

Branches:
Dungeon (2/15)

Altars:


Message History

The gnoll attacks as it pursues you! The gnoll closely misses you.
Enter note:
Enter note:
881 ||| Stepping ~*~*~tactically~*~*~ (retreating).
The gnoll misses you.
Enter note:
882 ||| Stepping ~*~*~tactically~*~*~ (retreating).
Enter note:
883 ||| Stepping ~*~*~tactically~*~*~ (retreating).
You shoot an arrow. The arrow hits the gnoll.
The gnoll is moderately wounded.
The gnoll hits you with a +0 club.
You shoot an arrow. The arrow barely misses the gnoll.
The arrow closely misses the gnoll.
The gnoll closely misses you.
You shoot an arrow. The arrow hits the gnoll!
The gnoll is almost dead.
The gnoll closely misses you.
You shoot an arrow. The arrow hits the gnoll.
You kill the gnoll!
Your Ranged Weapons skill increases to level 5!
You have reached level 3!
Your experience leads to an increase in your attributes!
Increase (S)trength, (I)ntelligence, or (D)exterity?
You feel agile. x2
You shoot an arrow. The arrow hits the gnoll!
The gnoll is almost dead.
The gnoll hits you with a +0 flail!
The gnoll hits you from afar with a +0 spear.
You shoot an arrow.
The arrow hits the gnoll but does no damage.
The gnoll is almost dead.
The gnoll closely misses you.
The gnoll hits you from afar with a +0 spear. x2
890 ||| DRINKING green potion.
It was a potion of lignification.
You turn into a tree.
Your +0 leather armour melds into your body.
Your roots penetrate the ground.
The gnoll hits you with a +0 whip.
You die...

.####
.###.......#
.....
....^......#
.####
##.......####.#
.....
#.#............
.#.##
#.#.......g..##
.# #
#.g....g.#...
.. #..###.###
## #.g###.###.#
.. #.gg7......#
.. #.####.#####
## .... ~~
..8###~ ~~~
8..8 ~~ ~~~ ~..
~~ ~~ ~.. ~~~ #
~~. ..#


You could see 3 gnolls.

Vanquished Creatures
  A gnoll (D:2)
  A dart slug (D:1)
  2 ball pythons (D:1)
  2 endoplasms
  2 giant cockroaches (D:1)
  2 hobgoblins (D:1)
  A quokka (D:1)
  A bat (D:1)
  5 frilled lizards
  2 goblins (D:1)
  2 kobolds (D:1)
  2 rats
23 creatures vanquished.

Notes
Turn   | Place    | Note
-------+----------+-------------------------------------------
     0 | D:1      | qw the Gargoyle Hunter began the quest for the Orb.
     0 | D:1      | Reached XP level 1. HP: 12/12 MP: 1/1
     0 | D:1      | 0 ||| qw: Version: 0.3-a-106-g2cfff9e
     0 | D:1      | 0 ||| qw: Game counter: 1973
     0 | D:1      | 0 ||| qw: Melee chars always use a shield: true
     0 | D:1      | 0 ||| qw: God list: Okawaru
     0 | D:1      | 0 ||| qw: Allow faded altars: false
     0 | D:1      | 0 ||| qw: Do Orc after clearing Dungeon:15 true
     0 | D:1      | 0 ||| qw: Do second Lair branch before Depths: true
     0 | D:1      | 0 ||| qw: Lair rune preference: random
     0 | D:1      | 0 ||| qw: Goals: Normal, Save, Zot:1-4, Win
     0 | D:1      | 0 ||| PLANNING D:1-11
    77 | D:1      | Reached XP level 2. HP: 16/17 MP: 2/2
   750 | D:1      | 750 ||| READING scroll labelled RAAROE HUPPUINT.
   751 | D:1      | 751 ||| READING 3 scrolls labelled OJOROA EPNEW.
   751 | D:1      | 751 ||| IDENTIFYING cyan potion
   752 | D:1      | 752 ||| READING 2 scrolls of identify.
   752 | D:1      | 752 ||| IDENTIFYING black potion
   753 | D:1      | 753 ||| READING scroll of identify.
   753 | D:1      | 753 ||| IDENTIFYING glowing cyan potion
   754 | D:1      | 754 ||| DROPPING scroll of butterflies.
   755 | D:1      | 755 ||| DROPPING potion of berserk rage.
   873 | D:2      | 873 ||| RETREEAATING.
   874 | D:2      | 874 ||| STILL RETREEAATING.
   875 | D:2      | 875 ||| STILL RETREEAATING.
   876 | D:2      | 876 ||| STILL RETREEAATING.
   877 | D:2      | 877 ||| STILL RETREEAATING.
   880 | D:2      | 880 ||| Stepping ~*~*~tactically~*~*~ (retreating).
   881 | D:2      | 881 ||| Stepping ~*~*~tactically~*~*~ (retreating).
   882 | D:2      | 882 ||| Stepping ~*~*~tactically~*~*~ (retreating).
   883 | D:2      | 883 ||| Stepping ~*~*~tactically~*~*~ (retreating).
   888 | D:2      | Reached skill level 5 in Ranged Weapons
   888 | D:2      | Reached XP level 3. HP: 20/21 MP: 3/3
   889 | D:2      | HP: 2/21 [gnoll/+0 spear (6)]
   890 | D:2      | 890 ||| DRINKING green potion.
   890 | D:2      | Slain by a gnoll

Levels and vault maps discovered:
D:1:      saegor_arrival_simple_c, layout_basic
D:2:      wander_river, layout_basic, basic_altar

Skill      XL: |  1  2 |
---------------+-------+-----
Ranged Weapons | 5 |  5.0
Fighting       | |  2.1
Dodging        | |  1.5
Stealth        | |  1.1

Action                     || total
---------------------------++-------
   Fire: Shortbow          ||    66
    Use: Scroll            ||     4
         Potion            ||     1
 Armour: Leather armour    ||    12
         Skin              ||     1
  Dodge: Dodged            ||    18

Table legend:
 A = Non-vault XP
 B = Vault XP
 C = Vault XP percentage of total XP
 D = Non-vault monster count
 E = Vault monster count
 F = Vault count percentage of total count
                 A         B        C        D         E       F
            +---------+---------+-------+---------+---------+-------
      Total |      47 |       0 |   0.0 |      23 |       0 |   0.0
            +---------+---------+-------+---------+---------+-------
        D:1 |      29 |       0 |   0.0 |      19 |       0 |   0.0
        D:2 |      18 |       0 |   0.0 |       4 |       0 |   0.0
            +---------+---------+-------+---------+---------+-------
